 Dungeon Crawl Stone Soup version 0.21.0 (webtiles) character file.

121 HDogLeCool the Shooter (level 4, 0/57 HPs)
             Began as a Minotaur Hunter on June 7, 2018.
             Slain by blah's ghost (9 damage)
             ... on level 4 of the Dungeon.
             The game lasted 00:11:38 (1236 turns).

HDogLeCool the Shooter (Minotaur Hunter)            Turns: 1236, Time: 00:11:39

Health: 0/57       AC: 22    Str: 17    XL:     4   Next: 76%
Magic:  3/3        EV:  2    Int:  8    God:
Gold:   65         SH:  0    Dex: 11    Spells: 3/3 levels left

rFire    . . .     SeeInvis .   b - +0 short sword
rCold    . . .     Gourm    .   (no shield)
rNeg     + + +     Faith    +   (armour currently unavailable)
rPois    +         Spirit   .   (helmet currently unavailable)
rElec    .         Reflect  .   (cloak currently unavailable)
rCorr    .         Harm     .   (gloves currently unavailable)
MR       +....     NoTele   +   (boots currently unavailable)
Stlth    +.........             p - amulet of faith
HPRegen  0.19/turn              q - ring of protection from magic
MPRegen  0.08/turn              (no ring)

@: tree-form, very slightly contaminated, invisible
A: (retaliatory headbutt)
a: no special abilities


You were on level 4 of the Dungeon.
You were not hungry.
You were a tree.
You visited 1 branch of the dungeon, and saw 4 of its levels.

You collected 65 gold pieces.

Inventory:

Hand Weapons
 a - a +1 shortbow
 b - a +0 short sword (weapon)
 n - a +0 dagger
Missiles
 d - 10 arrows
 e - 46 stones (quivered)
 m - 44 bolts
Armour
 c - a +0 leather armour (melded)
Jewellery
 o - a +3 amulet of reflection
 p - an amulet of faith (around neck)
 q - a ring of protection from magic (left branch)
Scrolls
 i - a scroll of remove curse {unknown}
 j - a scroll of amnesia {unknown}
 l - 2 scrolls of magic mapping {unknown}
Potions
 k - a potion of lignification
Comestibles
 f - 5 rations
 g - 2 chunks of flesh


   Skills:
 + Level 3.0 Fighting
 * Level 1.5 Short Blades
 + Level 5.7 Bows
 + Level 1.5 Armour
 + Level 2.6 Dodging
 + Level 1.0 Stealth


You had 3 spell levels left.
You didn't know any spells.

Dungeon Overview and Level Annotations

Branches:
Dungeon (4/15)
 Temple: D:4-7

Altars:

Annotations:
D:4 blah's ghost, amateur GrFi


Innate Abilities, Weirdness & Mutations

((You reflexively headbutt those who attack you in melee.))
((You have a pair of horns on your head.))


Message History

Blah's ghost is moderately damaged.
Blah's ghost closely misses you.
You barely miss blah's ghost.
Blah's ghost is moderately damaged.
Blah's ghost stares at you. Blah's ghost hits you.
* * * LOW HITPOINT WARNING * * *
The orc hits you with a hand axe.
* * * LOW HITPOINT WARNING * * *
It was a potion of lignification.
You turn into a tree.
Your +0 leather armour melds into your body.
Your roots penetrate the ground.
Blah's ghost hits you!
* * * LOW HITPOINT WARNING * * *
It was a potion of invisibility.
You fade into invisibility!
Blah's ghost hits you but does no damage.
The orc hits you but does no damage.
You are very lightly contaminated with residual magic.
It was a potion of curing.
You feel better. Blah's ghost hits you!
You die...

#.######.# # #.#
#.# .. #.# #.#
.# #.# #.# .#
######.#
##'#######.#
#....#.#
#..........#
#....#.#
#..........#
'....'.#
#....oo....#
#....###
#....♣Wo...#.###
#....#
#.......(.......
#....#
#...............
#....#
##'#######......
#....# #..
...### #....# #
...# #....# ...#
###### ..#
...... ..


You could see blah's ghost and 3 orcs.

Vanquished Creatures
  A hound (D:4)
  A worker ant (D:4)
  4 adders (D:2)
  An adder skeleton (D:4)
  2 worms
  4 bats
  A giant cockroach (D:2)
  5 goblins
  A hobgoblin (D:2)
  2 jackals (D:3)
  3 kobolds (D:2)
  4 rats
29 creatures vanquished.

Notes
Turn   | Place    | Note
-------+----------+-------------------------------------------
     0 | D:1      | HDogLeCool the Minotaur Hunter began the quest for the Orb.
     0 | D:1      | Reached XP level 1. HP: 18/18 MP: 0/0
   100 | D:1      | You fall through a shaft!
   229 | D:2      | Reached XP level 2. HP: 13/25 MP: 1/1
   404 | D:2      | Reached skill level 5 in Bows
   513 | D:2      | Reached XP level 3. HP: 25/30 MP: 2/2
   557 | D:2      | Reached skill level 1 in Armour
   796 | D:3      | Reached skill level 1 in Short Blades
   906 | D:4      | Reached XP level 4. HP: 24/37 MP: 3/3
  1047 | D:4      | Reached skill level 1 in Stealth
  1221 | D:4      | Noticed blah's ghost (amateur GrFi)
  1236 | D:4      | Slain by blah's ghost

Skill      XL: |  1  2  3  4 |
---------------+-------------+-----
Bows           | 5 |  5.7
Armour         | 1 |  1.5
Short Blades   | 1 |  1.5
Fighting       | 3 |  3.0
Stealth        | 1 |  1.0
Dodging        | |  2.6

Action                   |  1- 3 |  4- 6 || total
-------------------------+-------+-------++-------
Melee: Shortbow          |     2 |       ||     2
       Short sword       |    27 |    19 ||    46
       Headbutt          |     3 |     2 ||     5
 Fire: Shortbow          |    57 |     7 ||    64
  Use: Potion            |       |     3 ||     3
  Eat: Chunk             |       |     1 ||     1
Armor: Leather armour    |     8 |       ||     8
       Skin              |       |     2 ||     2
Dodge: Dodged            |    49 |     9 ||    58
